 Dungeon Crawl Stone Soup version 0.28.0-1-gb440e238dd (webtiles) character file.

Game seed: 8994402354207530076

48 issech the Cudgeller (level 3, -1/36 HPs)
             Began as a Troll Monk on Feb 24, 2022.
             Shot with a sling bullet by a goblin (5 damage)
             ... on level 2 of the Dungeon.
             The game lasted 00:06:00 (1117 turns).

issech the Cudgeller (Troll Monk)                   Turns: 1117, Time: 00:06:01

Health: -1/36      AC:  2    Str: 19    XL:     3   Next: 50%
Magic:  2/2        EV: 10    Int:  6    God:
Gold:   83         SH:  0    Dex: 14    Spells: 2/2 levels left

rFire   . . .      SeeInvis .   a - +0 mace
rCold   . . .      Faith    .   (no shield)
rNeg    . . .      Spirit   .   (armour restricted)
rPois   .          Reflect  .   (helmet restricted)
rElec   .          Harm     .   (no cloak)
rCorr   .          Rampage  .   (gloves unavailable)
Will    .....                   (boots unavailable)
Stlth   ++........              (no amulet)
HPRegen 0.92/turn               (no ring)
MPRegen 0.08/turn               (no ring)

@: lethally poisoned (-1 -> -2)
A: large, unfitting armour, claws 3, regeneration 1, shaggy fur 1, tough skin 1
a: no special abilities


You were on level 2 of the Dungeon.
You visited 1 branch of the dungeon, and saw 2 of its levels.

You collected 83 gold pieces.

Inventory:

Hand Weapons
 a - a +0 mace (weapon)
 e - a +0 hand crossbow
Missiles
 c - 10 stones (quivered)
Armour
 b - a +0 robe
 j - the +0 robe "Sumeatza" {Str+2 Int+2}
   (You found it on level 2 of the Dungeon)

   Str:       It affects your strength (+2).
   Int:       It affects your intelligence (+2).
Magical Staves
 i - a staff of cold
Scrolls
 f - a scroll of immolation {unknown}
 g - a scroll of blinking {unknown}
 l - 2 scrolls of identify {unknown}
 m - a scroll of teleportation {unknown}
Potions
 d - a potion of heal wounds {unknown}
 h - a potion of invisibility {unknown}
 k - a potion of lignification {unknown}


   Skills:
 + Level 2.8 Fighting
 + Level 3.3 Maces & Flails
 + Level 3.0 Dodging
 + Level 1.1 Stealth


You had 2 spell levels left.
You didn't know any spells.
Your spell library contained the following spells:

 Spells                   Type           Power      Damage    Failure   Level
 Confusing Touch          Hex            0%         N/A       83%         3
 Yara's Violent Unravell  Hex/Tmut       0%         3d3       100%        5
 Enfeeble                 Hex            0%         N/A       100%        7


Dungeon Overview and Level Annotations

Branches:
Dungeon (2/15)

Altars:

Shops:
D:1 =*=*


Innate Abilities, Weirdness & Mutations

You are too large for most types of armour.
You have claws for hands.
Your natural rate of healing is unusually fast.
You are covered in fur. (AC +1)
You have tough skin. (AC +1)


Message History

l - 2 scrolls labelled ASKOAG IPHUSK (gained 1)
An adder comes into view.
The adder hisses angrily.
A goblin comes into view. It is wielding a +0 club.
Found a stone staircase leading up.
You hit the adder.
The adder is lightly wounded.
The adder bites you. x2
You hit the adder.
The adder is moderately wounded.
The adder bites you. The adder bites you but does no damage.
You completely miss the adder.
The adder is moderately wounded.
The goblin barely misses you. The adder bites you.
You are poisoned.
The adder poisons you! The goblin hits you with a +0 club.
You closely miss the adder.
The adder is moderately wounded.
You feel sick. The adder closely misses you. The adder bites you.
You are more poisoned.
The adder poisons you! The goblin hits you with a +0 club.
You hit the adder.
The adder is severely wounded.
You feel sick. The adder bites you. The goblin closely misses you.
The adder bites you but does no damage.
You hit the adder.
The adder is almost dead.
You feel sick. The goblin hits you with a +0 club. The adder bites you.
You closely miss the adder.
The adder is almost dead.
You feel sick. The adder bites you.
You are more poisoned.
The adder poisons you! The goblin barely misses you. The adder bites you.
* * * LOW HITPOINT WARNING * * *
The goblin hits you with a +0 club.
* * * LOW HITPOINT WARNING * * *
You feel sick.
The goblin unwields a +0 club.
The goblin wields a +0 hunting sling.
The goblin shoots a sling bullet.
The sling bullet hits you.
You die...

##### ....#
###### ....#
#...... ....#
#...<.. ##
....### #......
.# ......#
......##.#
#####.##
#.#.##S@.# #
#..# #.#....###
# ##.# #.###g.##
# #.###.# #...#
# #..##.# ##..#
# ##.#..####..#
#
##..รท<......###
#
#...####......#
# #.### #.###.>#


You could see an adder and a goblin.

Vanquished Creatures
  A worm (D:2)
  A dart slug (D:1)
  A ball python (D:2)
  5 bats
  3 giant cockroaches
  4 goblins
  3 hobgoblins (D:1)
  5 jackals (D:1)
  A quokka (D:1)
  A frilled lizard (D:1)
  10 kobolds
  2 rats (D:1)
37 creatures vanquished.

Notes
Turn   | Place    | Note
-------+----------+-------------------------------------------
     0 | D:1      | issech the Troll Monk began the quest for the Orb.
     0 | D:1      | Reached XP level 1. HP: 22/22 MP: 0/0
   165 | D:1      | Found Onudgh Gaite's General Store.
   198 | D:1      | Reached XP level 2. HP: 15/29 MP: 1/1
   203 | D:1      | Found Icim's Jewellery Emporium.
   376 | D:1      | Found Umah's Jewellery Boutique.
   573 | D:1      | Found Ifijapri's General Store.
   611 | D:1      | Found a faded altar of an unknown god.
   623 | D:1      | Reached XP level 3. HP: 34/36 MP: 2/2
   880 | D:2      | Identified the +0 robe "Sumeatza" {Str+2 Int+2}
  1117 | D:2      | Shot with a sling bullet by a goblin

Illustrated notes

Levels and vault maps discovered:
D:1:      nzn_arrival_crosshair, layout_basic, ebering_ecumenical_altar_mist,
          serial_shops, nicolae_shop_crystal, shop, shop_fountains,
          nicolae_lakefront_shop, st_stairs_11
D:2:      layout_rooms, amethyst_killhole

Skill      XL: |  1  2  3 |
---------------+----------+-----
Maces & Flails | 3 |  3.3
Dodging        | 3 |  3.0
Fighting       | |  2.8
Stealth        | |  1.1

Action                   || total
-------------------------++-------
Melee: Mace              ||   164
       Punch             ||     1
 Stab: Sleeping          ||     2
Armor: Robe              ||    92
       Skin              ||    12
Dodge: Dodged            ||   159
